 Dungeon Crawl Stone Soup version 0.30.1-4-g462c640d31 (webtiles) character file.

Game seed: 2425370869453589155

129 Amplified the Cudgeller (level 4, 0/34 HPs)
             Began as a Demonspawn Reaver on Sept 7, 2023.
             Was an Initiate of Gozag.
             Slain by an orc
             ... wielding a +0 falchion
              (6 damage)
             ... on level 3 of the Dungeon.
             The game lasted 00:03:52 (1679 turns).

Amplified the Cudgeller (Demonspawn Reaver)         Turns: 1679, Time: 00:03:53

Health: 0/34       AC:  3    Str: 14    XL:     4   Next: 88%
Magic:  7/8        EV: 12    Int: 15    God:    Gozag
Gold:   283        SH:  0    Dex: 11    Spells: 7/8 levels left

rFire   . . .        a - +1 mace
rCold   . . .        (no shield)
rNeg    . . .        b - +0 leather armour
rPois   .            (no helmet)
rElec   .            (no cloak)
rCorr   .            (no gloves)
SInv    .            (no boots)
Will    .....        (no amulet)
Stlth   +            (no ring)
HPRegen 0.25/turn    (no ring)
MPRegen 0.11/turn

%: no passive effects
@: very slightly contaminated
A: weakness stinger 1
a: Renounce Religion, Potion Petition, Call Merchant, Bribe Branch


You were on level 3 of the Dungeon.
You worshipped Gozag.
Gozag was aware of your devotion.
You visited 1 branch of the dungeon, and saw 3 of its levels.

You collected 332 gold pieces.
You paid 49 gold pieces to Gozag.

Inventory:

Hand Weapons
 a - a +1 mace (weapon)
Missiles
 c - 5 poisoned darts (quivered)
Armour
 b - a +0 leather armour (worn)
 e - a +0 cloak
Scrolls
 i - a scroll of enchant weapon
Potions
 f - 2 potions of brilliance


   Skills:
 * Level 2.8 Fighting
 * Level 3.3 Maces & Flails
 * Level 1.5 Armour
 * Level 2.5 Dodging
 * Level 2.7 Spellcasting
 - Level 3.0 Conjurations


You had 7 spell levels left.
You knew the following spells:

 Your Spells              Type           Power      Damage    Failure   Level
a - Kiss of Death         Conj/Necr      24%        2d7       14%         1

Your spell library contained the following spells:

 Spells                   Type           Power      Damage    Failure   Level
 Momentum Strike          Conj/Tloc      12%        3d8       21%         2
 Freeze                   Ice            8%         1d3       26%         1
 Hailstorm                Conj/Ice       6%         3d4       38%         3
 Frozen Ramparts          Ice            4%         1d1       58%         3


Dungeon Overview and Level Annotations

Branches:
Dungeon (3/15)

Altars:
Gozag

Shops:
D:1 :*(


Innate Abilities, Weirdness & Mutations

You have a small tail.


Message History

You aren't carrying any items that you can evoke.
Unknown command.
Casting: Kiss of Death (safe; 14% risk of failure)
Confirm with . or Enter, or press ? or * to list all spells.
Aiming: Kiss of Death (safe; 14% risk of failure)
Press: ? - help, Shift-Dir - straight line, f - orc
Aim: an orc, wielding a +0 falchion and wearing a +0 leather armour (moderately wounded, 100% to hit)
You miscast Kiss of Death.
You are very lightly contaminated with residual magic.
Nothing appears to happen.
The orc barely misses you. The kobold hits you with a +0 club.
* * * LOW HITPOINT WARNING * * *
Unknown command.
You barely miss the orc.
The orc is moderately wounded.
The orc hits you with a +0 falchion.
* * * LOW HITPOINT WARNING * * *
The kobold barely misses you. The orc misses you. The kobold barely misses you.
Unknown command.
Unknown command.
You hit the kobold but do no damage.
The kobold is severely wounded.
The kobold barely misses you. The orc misses you.
Unknown command.
Casting: Kiss of Death (safe; 14% risk of failure)
Confirm with . or Enter, or press ? or * to list all spells.
Okay, then.
You need at least 400 gold to purchase potions right now!
Unknown command.
Okay, then.
Okay, then.
Throw: 6 darts (poison)
Press: ? - help, Q - select action, (/) - cycle Shift-Dir - straight line, f/p - orc
Aim: an orc, wielding a +0 falchion and wearing a +0 leather armour (moderately wounded, 56% to hit)
You throw a poisoned dart.
The poisoned dart closely misses the orc.
You hear a splash.
The kobold closely misses you. The orc hits you with a +0 falchion.
You die...
Your body crumbles into a pile of gold.

########### #.........#
#.........## ##..........##
#............#
#....##~#..@.#
#..###≈≈##~oK#
#..~≈≈≈#≈≈#$$#
#.##≈#≈≈≈≈#$$# $
######.#≈≈≈≈≈≈#≈(.#######..
....##.~~≈≈≈≈≈≈≈#..$ho.....
###....##≈#≈#≈≈##$###.#.#..
........# ≈≈≈≈≈#... ..
######..##≈≈≈#~#..# .# $


You could see an orc and a kobold.

Vanquished Creatures
  Jessica (D:3)
  4 adders
  A worm (D:2)
  2 dart slugs (D:1)
  3 orcs (D:3)
  2 ball pythons (D:2)
  6 bats
  4 endoplasms
  2 giant cockroaches
  4 goblins
  2 hobgoblins (D:2)
  6 jackals
  5 quokkas
  3 frilled lizards
  3 kobolds
  A rat (D:2)
49 creatures vanquished.

Vanquished Creatures (others)
  An orc (D:3)
  A jackal (D:3)
2 creatures vanquished.

Grand Total: 51 creatures vanquished

Notes
Turn   | Place    | Note
-------+----------+-------------------------------------------
     0 | D:1      | Amplified the Demonspawn Reaver began the quest for the
                  | Orb.
     0 | D:1      | Reached XP level 1. HP: 16/16 MP: 3/3
   192 | D:1      | Gained mutation: You have a small tail. [demonic ancestry]
   192 | D:1      | Reached XP level 2. HP: 22/22 MP: 5/5
   272 | D:1      | Found Lust's General Store.
   321 | D:1      | Found Mozassaagg's Book Shoppe.
   502 | D:1      | Found Buregrih's Weapon Shop.
   798 | D:2      | Found an opulent altar of Gozag.
   801 | D:2      | Reached XP level 3. HP: 23/28 MP: 6/6
   810 | D:2      | Became a worshipper of Gozag Ym Sagoz the Greedy
   959 | D:2      | Reached skill level 1 in Armour
  1347 | D:3      | Noticed Jessica
  1361 | D:3      | Killed Jessica
  1362 | D:3      | Reached XP level 4. HP: 26/33 MP: 7/7
  1635 | D:3      | Identified the +3 ring mail of Ostron {rElec}
  1679 | D:3      | Slain by an orc

Illustrated notes

Levels and vault maps discovered:
D:1:      sevenhm_arrival_forest_fort_small_6, layout_loops_ring, serial_shops,
          nicolae_shop_window_shopping, nicolae_shop_bloodbath_and_beyond,
          nicolae_diamond_shop, minmay_splitting_lines
D:2:      layout_rooms, basic_altar
D:3:      layout_basic, minivault_4, uniq_jessica

Skill      XL: |  1  2  3 |
---------------+----------+-----
Dodging        | 2 |  2.5
Maces & Flails | 3 |  3.3
Armour         | 1 |  1.5
Fighting       | |  2.8
Spellcasting   | |  2.7
Conjurations   | |  3.0

Action                     |  1- 3 |  4- 6 || total
---------------------------+-------+-------++-------
  Melee: Mace              |   134 |    50 ||   184
         Tailslap          |    13 |     7 ||    20
  Throw: Dart              |       |     1 ||     1
   Cast: Kiss of Death     |     1 |       ||     1
    Use: Scroll            |     4 |       ||     4
         Potion            |     1 |     5 ||     6
   Stab: Invisible         |       |     1 ||     1
 Armour: Leather armour    |    64 |    19 ||    83
  Dodge: Dodged            |   105 |    68 ||   173
